 Dungeon Crawl Stone Soup version 0.26-b1-32-g5d43845318 (webtiles) character file.

Game seed: 8775573915419784796

336 MisterFreud the Ruffian (level 6, 0/54 HPs)
             Began as a Troll Artificer on Jan 11, 2021.
             Slain by an iguana (3 damage)
             ... on level 4 of the Dungeon.
             The game lasted 00:03:50 (2822 turns).

MisterFreud the Ruffian (Troll Artificer)           Turns: 2822, Time: 00:03:51

Health: 0/54       AC:  6    Str: 23    XL:     6   Next: 28%
Magic:  5/5        EV: 10    Int:  7    God:
Gold:   192        SH:  0    Dex: 10    Spells: 5/5 levels left

rFire    . . .     SeeInvis +     - Unarmed
rCold    . . .     Faith    .   (no shield)
rNeg     . . .     Spirit   .   b - +0 robe
rPois    .         Reflect  .   (helmet restricted)
rElec    .         Harm     .   (no cloak)
rCorr    .         Rampage  .   (gloves unavailable)
Will     .....                  (boots unavailable)
Stlth    +.........             (no amulet)
HPRegen  0.58/turn              g - ring of see invisible
MPRegen  0.09/turn              (no ring)

@: no status effects
A: large, unfitting armour, claws 3, regeneration 1, shaggy fur 1, tough skin 3
a: no special abilities


You were on level 4 of the Dungeon.
You visited 1 branch of the dungeon, and saw 4 of its levels.

You collected 192 gold pieces.

Inventory:

Missiles
 l - 12 poisoned darts
 m - 113 stones
 p - 3 large rocks
 t - 7 boomerangs
Armour
 b - a +0 robe (worn)
Jewellery
 g - a ring of see invisible (left claw)
Wands
 c - a wand of flame (15) (quivered)
 d - a wand of enslavement (15)
 e - a wand of random effects (15)
 r - a wand of iceblast (8)
Scrolls
 a - a scroll of immolation {unknown}
 f - 2 scrolls of teleportation {unknown}
 h - 5 scrolls of identify {unknown}
 i - 2 scrolls of enchant armour {unknown}
 j - a scroll of fog {unknown}
 o - 2 scrolls of remove curse {unknown}
 q - a scroll of noise {unknown}
Potions
 k - 2 potions of mutation {unknown}
 n - 2 potions of brilliance {unknown}
 s - 2 potions of might {unknown}


   Skills:
 - Level 0.7 Fighting
 - Level 1.9 Dodging
 - Level 0.3 Stealth
 + Level 6.3 Unarmed Combat
 - Level 2.1 Evocations


You had 5 spell levels left.
You didn't know any spells.
Your spell library contained the following spells:

 Spells                   Type           Power        Failure   Level
 Corona                   Hex            0%           43%         1
 Ensorcelled Hibernation  Hex/Ice        0%           56%         2
 Confusing Touch          Hex            0%           80%         3
 Dazzling Flash           Conj/Hex       0%           80%         3
 Tukima's Dance           Hex            0%           80%         3


Dungeon Overview and Level Annotations

Branches:
Dungeon (4/15)
 Temple: D:4-7

Altars:
Kikubaaqudgha
Sif Muna
Wu Jian


Innate Abilities, Weirdness & Mutations

You are too large for most types of armour.
You have claws for hands.
Your natural rate of healing is unusually fast.
You are covered in fur. (AC +1)
You have extremely tough skin. (AC +3)


Message History

The ogre closely misses you.
You barely miss the ogre.
The ogre is lightly wounded.
The iguana closely misses you.
You scratch the ogre.
The ogre is moderately wounded.
The ogre hits you with a +0 giant club!!
* * * LOW HITPOINT WARNING * * *
The iguana bites you!
* * * LOW HITPOINT WARNING * * *
You are too injured to fight recklessly!
You barely miss the ogre.
The ogre is moderately wounded.
The iguana bites you.
* * * LOW HITPOINT WARNING * * *
The ogre closely misses you.
You barely miss the ogre.
The ogre is moderately wounded.
The iguana bites you.
You die...

#########
#..<....##### #
........^...# #
.$..........# ######
...........#
.....###...........#
####
...............l..#
###..# .########
#....O@># ##....##
.#
#######.####......#
## #..##...†...# ##
##.#.......## .#
#.........# .##
#.........# [.#
##........# ..##
#........# ...#
##......##


You could see an ogre and an iguana.

Vanquished Creatures
  A bullfrog (D:3)
  An orc wizard (D:3)
  Ijyb (D:3)
  Terence (D:2)
  6 gnolls
  3 adders
  5 worms
  3 dart slugs
  11 orcs
  A ball python (D:3)
  3 giant cockroaches
  5 goblins
  14 hobgoblins
  4 jackals (D:4)
  8 kobolds
  4 bats
  4 frilled lizards
  2 rats
77 creatures vanquished.

Vanquished Creatures (others)
  A withered plant (D:3)
1 creature vanquished.

Grand Total: 78 creatures vanquished

Notes
Turn   | Place    | Note
-------+----------+-------------------------------------------
     0 | D:1      | MisterFreud the Troll Artificer began the quest for the
                  | Orb.
     0 | D:1      | Reached XP level 1. HP: 18/18 MP: 0/0
    39 | D:1      | Reached skill level 1 in Unarmed Combat
    76 | D:1      | Reached XP level 2. HP: 24/26 MP: 1/1
   191 | D:1      | Reached skill level 2 in Unarmed Combat
   966 | D:2      | Reached XP level 3. HP: 15/32 MP: 2/2
  1062 | D:2      | Reached skill level 3 in Unarmed Combat
  1172 | D:2      | Noticed Terence
  1179 | D:2      | Killed Terence
  1180 | D:2      | Reached XP level 4. HP: 40/40 MP: 3/3
  1241 | D:2      | Found an ornate altar of the Wu Jian Council.
  1749 | D:3      | Found a shimmering blue altar of Sif Muna.
  1767 | D:3      | Reached skill level 4 in Unarmed Combat
  1871 | D:3      | Noticed a bullfrog
  1873 | D:3      | Killed a bullfrog
  1874 | D:3      | Reached skill level 5 in Unarmed Combat
  1874 | D:3      | Reached XP level 5. HP: 43/46 MP: 4/4
  1947 | D:3      | Noticed Ijyb
  1954 | D:3      | Killed Ijyb
  2290 | D:3      | Reached XP level 6. HP: 54/54 MP: 5/5
  2444 | D:3      | Reached skill level 6 in Unarmed Combat
  2470 | D:3      | Found an ancient bone altar of Kikubaaqudgha.
  2821 | D:4      | HP: 2/54 [iguana (1)]
  2822 | D:4      | Slain by an iguana

Illustrated notes

Levels and vault maps discovered:
D:1:      denvon_arrival_planthouse, layout_loops_ring, corexii_hall_statues_x,
          minmay_indecisive_spiral
D:2:      layout_basic, nicolae_overflow_crystal_walls, uniq_terence
D:3:      layout_loops_corners, kiku_gazebo_garden_becter, serial_glass,
          glass_columns_a, glass_columns_a, led_sif_book, uniq_ijyb
D:4:      lemuel_castle_with_subvaults [lemuel_castle_interior_carwin_3],
          layout_cave_pods, minmay_shop_grid_forest

Skill      XL: |  1  2  3  4  5  6 |
---------------+-------------------+-----
Unarmed Combat | 1 2 3 5 6 |  6.3
Fighting       | |  0.7
Dodging        | |  1.9
Stealth        | |  0.3
Evocations     | |  2.1

Action                   |  1- 3 |  4- 6 || total
-------------------------+-------+-------++-------
Melee: Club              |   121 |       ||   121
       Punch             |     4 |     4 ||     8
       Unarmed           |    29 |   111 ||   140
 Stab: Sleeping          |     3 |     3 ||     6
Armor: Robe              |    68 |    30 ||    98
Dodge: Dodged            |   102 |    68 ||   170
